 Dungeon Crawl Stone Soup version 0.30-a0-711-gf4ac18a38d (webtiles) character file.

Game seed: 15299811048611978808

1636 Tocho the Thaumaturge (level 8, -1/43 HPs)
             Began as a Deep Elf Conjurer on Jan 23, 2023.
             Was a Follower of Vehumet.
             Killed from afar by a steam dragon (13 damage)
             ... with a ball of steam
             ... on level 6 of the Dungeon.
             The game lasted 00:25:12 (6672 turns).

Tocho the Thaumaturge (Deep Elf Conjurer)           Turns: 6672, Time: 00:25:13

Health: -1/43      AC:  2    Str:  4    XL:     8   Next: 66%
Magic:  0/23       EV: 14    Int: 26    God:    Vehumet [*.....]
Gold:   245        SH:  0    Dex: 13    Spells: 7/25 levels left

rFire   . . .      SeeInvis .    d - +0 quarterstaff (flame)
rCold   . . .      Faith    .    (shield currently unavailable)
rNeg    . . .      Spirit   .    a - +0 robe
rPois   .          Reflect  .    (no helmet)
rElec   .          Harm     .    (no cloak)
rCorr   .          Rampage  .    (no gloves)
Will    .....                    (no boots)
Stlth   +++                      m - amulet of regeneration
HPRegen 1.07/turn                s - ring of wizardry
MPRegen 0.18/turn                (no ring)

@: lethally poisoned (-1 -> -1), marked
A: no striking features
a: Renounce Religion


You were on level 6 of the Dungeon.
You worshipped Vehumet.
Vehumet was aware of your devotion.
You visited 1 branch of the dungeon, and saw 6 of its levels.

You collected 311 gold pieces.
You spent 66 gold pieces at shops.

Inventory:

Hand Weapons
 d - a +0 quarterstaff of flaming (weapon)
Missiles
 e - 36 stones
 g - 19 poisoned darts
 i - 4 javelins
 v - 5 silver boomerangs
 E - 2 atropa-tipped darts
Armour
 a - a +0 robe (worn)
Magical Staves
 q - a staff of cold
Jewellery
 c - a +6 ring of dexterity
 l - a ring of protection from fire
 m - an amulet of regeneration (around neck)
 s - a ring of wizardry (left hand)
 u - a ring of protection from cold
 D - an amulet of faith
Wands
 y - a wand of digging (2)
 F - a wand of roots (9)
Scrolls
 f - a scroll of fear
 h - 4 scrolls of teleportation
 o - 3 scrolls of identify
 p - 3 scrolls of poison
 w - 2 scrolls of vulnerability {unknown}
 z - a scroll of blinking {unknown}
 A - a scroll of enchant weapon {unknown}
 B - a scroll of enchant armour {unknown}
Potions
 b - a potion of magic
 j - a potion of haste {unknown}
 k - a potion of heal wounds
 n - 2 potions of curing
 r - a potion of might
 t - a potion of brilliance
 x - 2 potions of degeneration {unknown}
 C - 2 potions of invisibility {unknown}


   Skills:
 + Level 1.6 Fighting
 + Level 1.2 Staves
 * Level 5.7 Dodging
 * Level 6.9 Stealth
 * Level 9.1 Spellcasting
 + Level 7.0 Conjurations
 + Level 0.1 Hexes
 + Level 0.2 Air Magic
 + Level 0.1 Poison Magic


You had 7 spell levels left.
You knew the following spells:

 Your Spells              Type           Power      Damage    Failure   Level
a - Magic Dart            Conj           100%       1d8       1%          1
b - Searing Ray           Conj           96%        2d7       1%          2
c - Dazzling Flash        Conj/Hex       60%        N/A       1%          3
d - Sandblast             Erth           22%        2d7       1%          1
e - Mephitic Cloud        Conj/Pois/Air  24%        N/A       2%          3
f - Fulminant Prism       Conj/Hex       15%        3d11      4%          4
g - Iskenderun's Mystic   Conj/Tloc      30%        2d8       4%          4

Your spell library contained the following spells:

 Spells                   Type           Power      Damage    Failure   Level
 Cigotuvi's Dreadful Rot  Necr/Pois/Air  24%        N/A       2%          2
 Poisonous Vapours        Pois/Air       26%        N/A       2%          2
 Portal Projectile        Hex/Tloc       24%        N/A       6%          3
 Tukima's Dance           Hex            12%        N/A       6%          3
 Dispel Undead            Necr           11%        3d9       21%         4
 Blade Hands              Tmut           5%         N/A       45%         5
 Death Channel            Necr           5%         N/A       95%         6


Dungeon Overview and Level Annotations

Branches:
Dungeon (6/15)             Temple (0/1) D:4

Altars:
Vehumet

Shops:
D:2 !   D:4 *


Message History

The mystic blast hits the howler monkey.
The howler monkey is lightly wounded.
The mystic blast hits the steam dragon!
The steam dragon is severely wounded.
The steam dragon is knocked back by the mystic blast.
You feel sick.
Casting: Iskenderun's Mystic Blast (dangerous; 4% risk of failure)
Confirm with . or Enter, or press ? or * to list all spells.
You erupt in a blast of force!
The mystic blast hits the adder!
You kill the adder!
Vehumet accepts your kill.
The mystic blast hits the howler monkey!
The howler monkey is heavily wounded.
You feel sick. The howler monkey closely misses you.
The howler monkey hits you.
* * * LOW HITPOINT WARNING * * *
Casting: Iskenderun's Mystic Blast (dangerous; 4% risk of failure)
Confirm with . or Enter, or press ? or * to list all spells.
You erupt in a blast of force!
The mystic blast hits the steam dragon.
The steam dragon is severely wounded.
The steam dragon is knocked back by the mystic blast.
The mystic blast hits the howler monkey!
The howler monkey is almost dead.
The howler monkey is knocked back by the mystic blast.
You feel sick.
Aiming: Searing Ray (safe; 1% risk of failure)
Press: ? - help, Q - select action, (/) - cycle Shift-Dir - straight line, f - howler monkey
Aim: a howler monkey (almost dead, 81% to hit)
The searing ray misses the howler monkey.
The searing ray hits the steam dragon.
The steam dragon is almost dead. (Press . to maintain the ray.)
You feel sick.
The searing ray hits the howler monkey!
You kill the howler monkey!
Vehumet accepts your kill.
You feel sick. The steam dragon breathes steam at you.
The ball of steam hits you!
You die...

#.## ## ..!# # #.D#
##..# ...#
############# # #..#
#.††.........
....###.§#
#.###########
$........#######.#####
...#####..§@.........#
#.......D##.....###.#
#.#####.§##.....#
#..#........#
#..##.....#.#
...##.........
#..........#.#.#
###.##.........#
#####.#.#.


You could see a steam dragon (catching breath).

Vanquished Creatures
  A water moccasin (D:5)
  2 ice beasts
  A black bear (D:5)
  2 ogres
  A phantom (D:5)
  A bullfrog (D:6)
  2 scorpions
  A necrophage (D:6)
  The ghost of Darius099 the Ruffian, a weakling TrBe of Trog (D:3)
  6 killer bees (D:6)
  A howler monkey (D:6)
  A centaur zombie (D:3)
  A bullfrog skeleton (D:3)
  3 hounds
  2 jellies
  2 iguanas (D:4)
  A killer bee zombie (D:3)
  7 adders
  3 gnolls (D:4)
  2 shadow imps
  A white imp (D:5)
  A worm (D:3)
  2 dart slugs
  7 orcs
  5 endoplasms
  3 giant cockroaches
  6 goblins
  5 hobgoblins
  6 jackals
  5 quokkas
  5 ball pythons
  6 bats
  3 frilled lizards (D:1)
  8 kobolds
  3 rats
107 creatures vanquished.

Vanquished Creatures (collateral kills)
  A mummy (D:3)
  A howler monkey skeleton (D:3)
2 creatures vanquished.

Vanquished Creatures (others)
  A fulminant prism (D:5)
1 creature vanquished.

Grand Total: 110 creatures vanquished

Notes
Turn   | Place    | Note
-------+----------+-------------------------------------------
     0 | D:1      | Tocho the Deep Elf Conjurer began the quest for the Orb.
     0 | D:1      | Reached XP level 1. HP: 10/10 MP: 6/6
   217 | D:1      | Reached XP level 2. HP: 15/15 MP: 6/8
   220 | D:1      | Learned a level 2 spell: Searing Ray
   810 | D:1      | Reached skill level 5 in Conjurations
  1382 | D:2      | Reached XP level 3. HP: 19/19 MP: 0/9
  1908 | D:2      | Found Vesutrapp's Distillery.
  1943 | D:2      | Bought 2 potions of curing for 66 gold pieces
  2637 | D:3      | Reached XP level 4. HP: 24/24 MP: 6/11
  2775 | D:3      | Reached skill level 4 in Spellcasting
  2783 | D:3      | Found a radiant altar of Vehumet.
  2901 | D:3      | Became a worshipper of Vehumet
  2942 | D:3      | Noticed Darius099's ghost (weakling TrBe)
  2943 | D:3      | Found a transporter.
  2944 | D:3      | Found a transporter.
  2998 | D:3      | Noticed an ogre
  3004 | D:3      | Killed an ogre
  3005 | D:3      | Reached XP level 5. HP: 28/28 MP: 7/13
  3467 | D:3      | Learned a level 3 spell: Dazzling Flash
  3482 | D:3      | Reached skill level 5 in Spellcasting
  3492 | D:3      | Reached XP level 6. HP: 17/32 MP: 1/16
  3698 | D:3      | Killed Darius099's ghost
  4123 | D:4      | Found Hiskafod's Elemental Accessories.
  4347 | D:4      | Reached skill level 6 in Spellcasting
  4751 | D:4      | Found a staircase to the Ecumenical Temple.
  4913 | D:5      | Entered Level 5 of the Dungeon
  4947 | D:5      | Reached XP level 7. HP: 37/37 MP: 10/18
  5151 | D:5      | Reached * piety under Vehumet
  5151 | D:5      | Offered knowledge of Sandblast by Vehumet.
  5152 | D:5      | Reached skill level 5 in Stealth
  5152 | D:5      | Reached skill level 7 in Spellcasting
  5154 | D:5      | Learned a level 1 spell: Sandblast
  5158 | D:5      | Learned a level 3 spell: Mephitic Cloud
  5163 | D:5      | Learned a level 4 spell: Fulminant Prism
  5168 | D:5      | Learned a level 4 spell: Iskenderun's Mystic Blast
  5258 | D:5      | Reached skill level 1 in Staves
  5526 | D:5      | Reached skill level 8 in Spellcasting
  5526 | D:5      | Reached XP level 8. HP: 42/42 MP: 16/22
  6309 | D:6      | Reached skill level 5 in Dodging
  6596 | D:6      | Reached skill level 1 in Fighting
  6662 | D:6      | Reached skill level 9 in Spellcasting
  6672 | D:6      | Killed from afar by a steam dragon

Illustrated notes

Levels and vault maps discovered:
D:1:      co_arrival_random_square_maze, layout_basic, hangedman_decor_push,
          minmay_misc_feat_tiny, minmay_tripent
D:2:      layout_basic, serial_shops, nicolae_shop_crystal,
          ebering_dispersal_statue_hall
D:3:      layout_loops_ring, vehumet_crystals, gammafunk_ghost_mausoleum,
          kennysheep_potato
D:4:      layout_cave_pools, minmay_temple_entry_gardened_gates,
          hangedman_glass_teeth, nicolae_elemental_shop
D:5:      layout_cave_pods
D:6:      layout_loops_ring, chequers_serial_rivers_micro_e,
          grunt_decor_mini_mirrors, hangedman_abyss_or_decor_stagger

Skill      XL: |  1  2  3  4  5  6  7  8 |
---------------+-------------------------+-----
Conjurations   | 5 6 7 |  7.0
Dodging        | 3 4 5 |  5.7
Spellcasting   | 4 5 6 8 9 |  9.1
Stealth        | 3 4 5 6 |  6.9
Staves         | 1 |  1.2
Fighting       | 1 |  1.6
Hexes          | |  0.1
Air Magic      | |  0.2
Poison Magic   | |  0.1

Action                     |  1- 3 |  4- 6 |  7- 9 || total
---------------------------+-------+-------+-------++-------
  Melee: Quarterstaff      |     6 |       |     1 ||     7
         Staff             |       |    10 |       ||    10
   Cast: Magic Dart        |    10 |    13 |    12 ||    35
         Searing Ray       |    33 |    33 |    30 ||    96
         Mephitic Cloud    |       |       |     2 ||     2
         Iskenderun's Myst |       |       |     5 ||     5
         Fulminant Prism   |       |       |     1 ||     1
    Use: Scroll            |       |    12 |       ||    12
         Potion            |       |     1 |     3 ||     4
 Armour: Robe              |     3 |     9 |     6 ||    18
  Dodge: Dodged            |     9 |    32 |    30 ||    71

Table legend: (Time is in decaauts)
 A = Elapsed time spent in this place.
 B = Non-inter-level travel time spent in this place.
 C = Inter-level travel time spent in this place.
 D = Time resting spent in this place.
 E = Time spent auto-exploring this place.
 F = Levels seen in this place.
 G = Mean time per level.
                   A        B        C        D        E       F      G
               +--------+--------+--------+--------+--------+-----+--------+
         Total |   6673 |   6170 |    503 |    177 |   5267 |   6 | 1112.2 |
       Dungeon |   6673 |   6170 |    503 |    177 |   5267 |   6 | 1112.2 |
               +--------+--------+--------+--------+--------+-----+--------+

Top non-repeatable levels by time:
     D:3: 1715 daAuts
     D:5: 1336 daAuts
     D:1: 1238 daAuts
     D:2: 1169 daAuts
     D:4: 791 daAuts
     D:6: 422 daAuts
